 Dungeon Crawl Stone Soup version 0.15.2 (webtiles) character file.

56823 glosham the Bludgeoner (level 14, -3/110 HPs)
             Began as a Mummy Death Knight on Apr 3, 2018.
             Was the Champion of Okawaru.
             Slain by a red ugly thing (28 damage)
             ... on Level 11 of the Dungeon.
             The game lasted 06:40:26 (21077 turns).

glosham the Bludgeoner (Mummy Death Knight)        Turns: 21077, Time: 06:40:27

HP  -3/110       AC 33     Str 20      XL: 14   Next: 43%
MP  17/24        EV  6     Int 10      God: Okawaru [******]
Gold 1279        SH  0     Dex 16      Spells:  0 memorised, 13 levels left

rFire  x . .     SeeInvis .     a - +2 great mace of Bloodstone {vamp, Dex+3}
rCold  + . .     Clarity  .     X - +3 plate armour {MR+}
rNeg   + + +     rCorr    .     (no shield)
rPois  +         rRot     +     U - +2 helmet
rElec  .         Spirit   .     Y - +2 cloak {+Inv}
SustAb .         Warding  .     V - +2 pair of gloves
rMut   .         Stasis   .     (no boots)
Gourm  .                        z - amulet of faith {!P}
MR     ++...                    B - +2 ring of dexterity
                                A - +5 ring of protection

@: heroism, finesse, very resistant to hostile enchantments, extremely
unstealthy
A: no food or potions, fire vulnerability, in touch with death, restore body,
cold resistance 1, negative energy resistance 3, poison resistance, torment
resistance, unbreathing
a: Self-Restoration, Heroism, Finesse, Renounce Religion, Evoke Invisibility


You were on level 11 of the Dungeon.
You worshipped Okawaru.
Okawaru was exalted by your worship.
You were not hungry.

You visited 2 branches of the dungeon, and saw 19 of its levels.
You also visited: Sewer.

You collected 1344 gold pieces.
You spent 65 gold pieces at shops.

Inventory:

Hand weapons
 a - the +2 great mace of Bloodstone (weapon) {vamp, Dex+3}
   (Okawaru gifted it to you on level 7 of the Lair of Beasts)

   It inflicts no extra harm, but heals its wielder somewhat when it strikes a
   living foe.
   It affects your dexterity (+3).
 b - the +11 hunting sling of Bodily Harmony {flame, +Blink +Fly rElec rPois}
   (Okawaru gifted it to you on level 3 of the Lair of Beasts)

   It turns projectiles fired from it into bolts of flame.
   It insulates you from electricity.
   It protects you from poison.
   It lets you fly.
   It lets you blink.
 c - the +2 spear of Goikhuru {pierce, +Inv MR+}
   (You took it off a centaur on level 7 of the Dungeon)

   It inflicts extra damage upon your enemies.
   It affects your resistance to hostile enchantments.
   It lets you turn invisible.
 d - a +5 dire flail of protection
 e - a +3 great mace of protection
 f - a +2 great mace of crushing
Missiles
 R - 106 sling bullets
Armour
 P - a +2 scale mail of fire resistance
 U - a +2 helmet (worn)
 V - a +2 pair of gloves (worn)
 X - a +3 plate armour of magic resistance (worn)
 Y - a +2 cloak of darkness (worn)
Magical devices
 g - a wand of disintegration (24)
 h - a wand of paralysis (17)
 i - a wand of flame (14)
 j - a wand of enslavement (8)
 q - a wand of magic darts (3) {unknown}
 r - a wand of fire (2)
 s - a wand of draining (5)
Scrolls
 k - 3 scrolls of teleportation
 l - 3 scrolls of blinking
 m - 5 scrolls of fog
 n - 2 scrolls of fear
 o - 4 scrolls of remove curse
 p - a scroll of magic mapping
 u - a scroll of enchant weapon
 T - 3 scrolls of identify
Jewellery
 z - an amulet of faith (around neck) {!P}
 A - a +5 ring of protection (left hand)
 B - a +2 ring of dexterity (right hand)
 C - an uncursed ring of ice
 F - an uncursed ring of flight
 Q - an uncursed ring of teleportation
Magical staves
 D - an uncursed staff of cold


   Skills:
 - Level 10.2(15.2) Fighting
 * Level 17.2(22.2) Maces & Flails
 - Level 5.5(10.5) Armour
 - Level 0.7(5.7) Dodging
 - Level 6.3 Invocations
 - Level 3.0 Evocations


You had 13 spell levels left.
You didn't know any spells.

Dungeon Overview and Level Annotations

Branches:
Dungeon (11/15)            Temple (0/1) D:7             Orc (0/4) D:10
   Lair (8/8) D:10         Shoals (0/5) Lair:3       Spider (0/5) Lair:4
  Slime (0/6) Lair:7

Altars:
Ashenzari
Cheibriados
Elyvilon
Makhleb
Okawaru
Yredelemnul

Shops:
D:7 *


Innate Abilities, Weirdness & Mutations

You do not eat or drink.
Your flesh is vulnerable to fire.
You are in touch with the powers of death.
You can restore your body by infusing magical energy.
Your flesh is cold resistant.
You are immune to negative energy.
Your system is resistant to poisons.
You are immune to unholy pain and torment.
You can survive without breathing.


Message History

Unknown command.
An active ballistomycete comes into view.
Found 14 gold pieces.
A troll zombie comes into view.
Found 18 sling bullets.
The red ugly thing seems less confused.
The red ugly thing barely misses you.
You hit the red ugly thing.
You feel better.
The red ugly thing is moderately wounded.
The red ugly thing bites you!
You are engulfed in flames!!!
The fire burns you terribly!
Unknown command.
The troll zombie bites you but does no damage.
The troll zombie claws you but does no damage.
The troll zombie barely misses you.
The red ugly thing bites you but does no damage.
Use which ability? (? or * to list)
You gain the combat prowess of a mighty hero.
The red ugly thing closely misses you.
Use which ability? (? or * to list)
You can now deal lightning-fast blows.
The red ugly thing completely misses you.
You closely miss the red ugly thing.
The red ugly thing is lightly wounded.
You bludgeon the red ugly thing!!
You feel better.
The red ugly thing is heavily wounded.
You thump the red ugly thing!
The red ugly thing is heavily wounded.
The red ugly thing bites you.
You are engulfed in flames!!!
The fire burns you terribly!
You closely miss the red ugly thing.
The red ugly thing is heavily wounded.
You thump the red ugly thing!
You feel better.
The red ugly thing is severely wounded.
You hit the red ugly thing.
You feel better.
The red ugly thing is severely wounded.
The red ugly thing bites you!
* * * LOW HITPOINT WARNING * * *
You are engulfed in flames!!
The fire burns you terribly!
You die...

#.## ... #.#
... #.# ....
#.### ...
#...## ###..##
##..# ##.# #@#
#######u##
#......Z.#
#......##...#
#......# ..##
#.....:# ...
#.......(.####
#P.P...####
#$.....#


You could see a red ugly thing, an active ballistomycete and a troll zombie.

Vanquished Creatures
  Rupert (Lair:7)
  Fannar (Lair:2)
  7 hydras
  Erica (Lair:5)
  10 death yaks (Lair:8)
  A deep troll shaman (Lair:8)
  Nergalle (Lair:6)
  A catoblepas (Lair:8)
  A hill giant (D:10)
  An ice statue (Lair:5)
  A lindwurm (Lair:8)
  An ugly thing (D:11)
  A phantasmal warrior (D:10)
  A griffon (Lair:8)
  3 oklob plants (Lair:7)
  3 black mambas
  19 elephants
  A torpor snail (Lair:3)
  7 spiny frogs
  10 komodo dragons
  A freezing wraith (Lair:5)
  2 trolls
  3 fire drakes
  3 polar bears (Lair:5)
  8 blink frogs
  5 flying skulls (D:9)
  A boulder beetle (Lair:8)
  2 hungry ghosts (D:10)
  A hill giant zombie (D:10)
  A wraith (D:10)
  A deep elf mage (D:10)
  5 hippogriffs
  36 yaks
  35 wolves
  7 water moccasins
  6 porcupines
  6 spiders (Lair:4)
  A manticore zombie (D:10)
  6 ice beasts
  3 black bears
  13 centaurs
  2 sky beasts
  A yellow wasp (D:9)
  7 orc warriors
  15 crocodiles
  2 phantoms
  7 ogres
  Duvessa (D:7)
  A boring beetle (Lair:7)
  15 giant frogs
  A big kobold (Sewer)
  6 scorpions
  An electric eel (Lair:5)
  9 wights
  2 spriggan skeletons (D:10)
  A giant frog zombie (D:7)
  5 goliath beetles
  6 crimson imps
  Dowan (D:7)
  11 orc priests
  A centaur zombie (D:6)
  A kobold zombie (D:9)
  8 hounds
  14 orc wizards
  5 iguanas
  A jelly (D:9)
  Natasha (twice) (D:6)
  6 orange rats (Lair:7)
  6 worker ants
  31 sheep
  2 ogre skeletons
  17 adders
  8 gnolls
  43 green rats
  4 giant mites
  2 shadow imps
  5 worms
  4 white imps (Lair:5)
  An adder skeleton (D:10)
  2 orc skeletons
  3 giant geckos
  4 oozes
  71 orcs
  6 giant cockroaches
  18 goblins
  14 hobgoblins
  4 jackals
  13 quokkas
  13 bats
  8 giant newts
  A giant spore (D:11)
  A gnoll skeleton (D:5)
  21 kobolds
  2 kobold skeletons
  2 orc zombies
  A quokka skeleton (D:5)
  13 rats
  2 rat zombies (D:7)
  10 ballistomycetes (D:7)
  6 fungi
  A plant (Lair:7)
689 creatures vanquished.

Vanquished Creatures (collateral kills)
  A wight (D:10)
1 creature vanquished.

Vanquished Creatures (others)
  A centaur (Lair:1)
  A giant spore (D:7)
  A ballistomycete (D:11)
  2 fungi
  2 plants
7 creatures vanquished.

Grand Total: 697 creatures vanquished

Notes
Turn   | Place    | Note
--------------------------------------------------------------
     0 | D:1      | glosham, the Mummy Death Knight, began the quest for the Orb.
     0 | D:1      | Reached XP level 1. HP: 16/16 MP: 1/1
   183 | D:4      | Noticed an orc wizard
   197 | D:4      | Reached XP level 2. HP: 20/23 MP: 2/2
   236 | D:4      | Paralysed by an orc wizard for 4 turns
   248 | D:4      | Paralysed by an orc wizard for 3 turns
   274 | D:4      | Paralysed by an orc wizard for 4 turns
   376 | D:1      | Reached skill level 3 in Fighting
  1063 | D:1      | Reached XP level 3. HP: 27/29 MP: 4/4
  1078 | D:1      | Acquired Yredelemnul's second power
  1259 | D:2      | Reached skill level 4 in Fighting
  1308 | D:2      | Reached XP level 4. HP: 35/38 MP: 5/5
  1426 | D:3      | Noticed an orc wizard
  1733 | D:3      | Reached skill level 5 in Fighting
  1767 | D:3      | Found a shattered altar of Ashenzari.
  1816 | D:3      | Noticed an orc priest
  1863 | D:3      | Noticed an orc wizard
  1996 | D:4      | Killed an orc wizard
  1996 | D:4      | Reached XP level 5. HP: 42/44 MP: 6/6
  2131 | D:4      | Killed an orc wizard
  2203 | D:4      | Noticed a scorpion
  2209 | D:4      | Killed a scorpion
  2209 | D:4      | Reached skill level 6 in Fighting
  2229 | D:4      | Noticed a phantom
  2282 | D:4      | Killed a phantom
  2282 | D:4      | Reached XP level 6. HP: 43/53 MP: 8/8
  2319 | D:3      | Acquired Yredelemnul's third power
  2364 | D:4      | Noticed an iguana
  2375 | D:4      | Killed an iguana
  2375 | D:4      | Reached skill level 7 in Fighting
  2411 | D:4      | Noticed an iguana
  2436 | D:4      | Killed an iguana
  2916 | D:3      | Found an iron altar of Okawaru.
  2964 | D:3      | Fell from the grace of Yredelemnul
  2964 | D:3      | Became a worshipper of Warmaster Okawaru
  3007 | D:3      | Killed an orc priest
  3300 | D:3      | Killed an orc wizard
  3300 | D:3      | Reached XP level 7. HP: 50/61 MP: 9/9
  3341 | D:3      | Found a white marble altar of Elyvilon.
  3341 | D:3      | Found a burning altar of Makhleb.
  3580 | D:5      | Entered Level 5 of the Dungeon
  3670 | D:5      | Reached skill level 8 in Fighting
  3740 | D:5      | Reached skill level 2 in Maces & Flails
  3889 | D:5      | Acquired Okawaru's first power
  3904 | D:5      | Reached skill level 3 in Maces & Flails
  3998 | D:5      | Found a glowing drain.
  4002 | Sewer    | Entered a sewer
  4135 | Sewer    | Found a white marble altar of Elyvilon.
  4256 | D:5      | Reached skill level 4 in Maces & Flails
  4256 | D:5      | Reached XP level 8. HP: 47/68 MP: 10/10
  4538 | D:5      | Reached skill level 1 in Armour
  4558 | D:5      | Reached skill level 5 in Maces & Flails
  4781 | D:5      | Reached skill level 2 in Armour
  5167 | D:6      | Reached skill level 6 in Maces & Flails
  5697 | D:6      | Noticed Natasha
  5710 | D:6      | Killed Natasha
  6018 | D:7      | Found Otzol's General Store.
  6027 | D:7      | Bought a scroll of teleportation for 39 gold pieces
  6027 | D:7      | Bought a scroll of fog for 26 gold pieces
  6213 | D:7      | Reached skill level 7 in Maces & Flails
  6324 | D:7      | Reached XP level 9. HP: 74/74 MP: 12/12
  6331 | D:7      | Got a steaming copper amulet
  6379 | D:7      | Noticed Dowan
  6461 | D:7      | Killed Dowan
  6518 | D:7      | Noticed a troll
  6537 | D:7      | Killed a troll
  6554 | D:7      | Noticed a soul eater
  6617 | D:7      | Reached skill level 8 in Maces & Flails
  6867 | D:7      | Noticed Duvessa
  6884 | D:7      | Killed Duvessa
  6908 | D:7      | Got a smoking robe
  6942 | D:7      | Found a snail-covered altar of Cheibriados.
  6951 | D:7      | Got a crude spear
  6952 | D:7      | Identified the cursed +2 spear of Goikhuru {pierce, +Inv MR+} (You took it off a centaur on level 7 of the Dungeon)
  7136 | D:7      | Found a staircase to the Ecumenical Temple.
  7267 | D:6      | Noticed Natasha
  7273 | D:6      | Killed Natasha
  7368 | D:7      | Identified the amulet of Interdependent Arising {rMut Str+3 Int+4} (You took it off a hobgoblin on level 7 of the Dungeon)
  7387 | D:7      | Identified the +0 robe "Osisin" {Slay+2 Stlth+} (You found it on level 7 of the Dungeon)
  7592 | D:8      | Reached skill level 9 in Maces & Flails
  9645 | D:9      | Reached skill level 10 in Maces & Flails
  9756 | D:9      | Reached XP level 10. HP: 73/80 MP: 13/13
 10385 | D:9      | Acquired Okawaru's second power
 10473 | D:10     | Entered Level 10 of the Dungeon
 10550 | D:10     | Got a transparent leather armour
 10561 | D:10     | Identified the +0 leather armour of Feblotog {rElec} (You found it on level 10 of the Dungeon)
 10838 | D:10     | Was forgiven by Yredelemnul
 10839 | D:10     | Noticed a phantasmal warrior
 10846 | D:10     | HP: 8/80 [phantasmal warrior[the anger of Yredelemnul] (15)]
 11188 | D:10     | Killed a phantasmal warrior
 11707 | D:10     | Found a staircase to the Lair.
 11963 | D:10     | Reached skill level 11 in Maces & Flails
 12411 | D:10     | Found a staircase to the Orcish Mines.
 12726 | D:10     | Received a gift from Okawaru
 12842 | D:10     | Noticed a hill giant
 12880 | D:10     | Killed a hill giant
 12880 | D:10     | Reached skill level 12 in Maces & Flails
 13067 | Lair:1   | Entered Level 1 of the Lair of Beasts
 13334 | Lair:1   | Noticed a four-headed hydra
 13350 | Lair:1   | Killed a four-headed hydra
 13350 | Lair:1   | Reached XP level 11. HP: 52/86 MP: 13/15
 13581 | Lair:1   | Found a basalt altar of Yredelemnul.
 14044 | Lair:2   | Noticed Fannar
 14083 | Lair:2   | Killed Fannar
 14083 | Lair:2   | Received a gift from Okawaru
 14084 | Lair:2   | Got a crystal triple crossbow {god gift}
 14093 | Lair:2   | Identified the +0 triple crossbow "Zeruqyol" {velocity, SInv} (Okawaru gifted it to you on level 2 of the Lair of Beasts)
 14158 | Lair:2   | Reached skill level 9 in Fighting
 14360 | Lair:2   | Reached skill level 13 in Maces & Flails
 14581 | Lair:3   | Found a staircase to the Shoals.
 14872 | Lair:3   | Reached skill level 3 in Armour
 15181 | Lair:3   | Received a gift from Okawaru
 15477 | Lair:3   | Reached XP level 12. HP: 75/97 MP: 16/16
 15621 | Lair:3   | Received a gift from Okawaru
 15622 | Lair:3   | Got a crystal hunting sling {god gift}
 15623 | Lair:3   | Identified the +11 hunting sling of Bodily Harmony {flame, +Blink +Fly rElec rPois} (Okawaru gifted it to you on level 3 of the Lair of Beasts)
 15914 | Lair:4   | Reached skill level 14 in Maces & Flails
 15982 | Lair:4   | Received a gift from Okawaru
 15983 | Lair:4   | Got a polished buckler {god gift}
 16089 | Lair:4   | Found a hole to the Spider Nest.
 16650 | Lair:5   | Noticed Erica
 16663 | Lair:5   | Killed Erica
 16684 | Lair:4   | Identified the -3 buckler "Psatui" {rElec Dex-3 SInv} (Okawaru gifted it to you on level 4 of the Lair of Beasts)
 16722 | Lair:5   | Reached skill level 15 in Maces & Flails
 16808 | Lair:5   | Reached skill level 10 in Fighting
 16808 | Lair:5   | Reached skill level 1 in Evocations
 16895 | Lair:5   | Noticed a five-headed hydra
 16902 | Lair:5   | Killed a five-headed hydra
 16902 | Lair:5   | Received a gift from Okawaru
 16902 | Lair:5   | Reached skill level 3 in Invocations
 16902 | Lair:5   | Reached skill level 2 in Evocations
 16961 | Lair:5   | Reached skill level 4 in Armour
 17347 | Lair:5   | Reached skill level 3 in Evocations
 17608 | Lair:6   | Reached skill level 4 in Invocations
 17705 | Lair:6   | Reached XP level 13. HP: 103/103 MP: 20/20
 18097 | Lair:6   | Noticed Nergalle
 18111 | Lair:6   | Killed Nergalle
 18111 | Lair:6   | Received a gift from Okawaru
 18111 | Lair:6   | Reached skill level 5 in Invocations
 18476 | Lair:7   | Noticed Rupert
 18526 | Lair:7   | Killed Rupert
 18526 | Lair:7   | Reached skill level 5 in Armour
 18599 | Lair:7   | Reached skill level 6 in Invocations
 18656 | Lair:7   | Received a gift from Okawaru
 18673 | Lair:7   | Got a faintly glowing great mace {god gift}
 18674 | Lair:7   | Identified the +2 great mace of Bloodstone {vamp, Dex+3} (Okawaru gifted it to you on level 7 of the Lair of Beasts)
 19249 | Lair:7   | Received a gift from Okawaru
 19336 | Lair:7   | Found a staircase to the Slime Pits.
 19624 | Lair:8   | Entered Level 8 of the Lair of Beasts
 19834 | Lair:8   | Reached skill level 16 in Maces & Flails
 20028 | Lair:8   | Reached XP level 14. HP: 86/110 MP: 24/24
 20384 | Lair:8   | Received a gift from Okawaru
 20742 | Lair:8   | Reached skill level 17 in Maces & Flails
 20749 | Lair:8   | Received a gift from Okawaru
 21077 | D:11     | Slain by a red ugly thing

Action                   |  1- 3 |  4- 6 |  7- 9 | 10-12 | 13-15 || total
-------------------------+-------+-------+-------+-------+-------++-------
Melee: Mace              |   127 |   223 |    35 |       |       ||   385
       Short sword       |       |    66 |    30 |       |       ||    96
       Halberd           |       |    33 |     9 |       |       ||    42
       Flail             |       |       |   805 |   821 |       ||  1626
       Falchion          |       |       |    22 |       |       ||    22
       Spear             |       |       |     9 |     5 |       ||    14
       Dire flail        |       |       |       |   146 |   136 ||   282
       Dagger            |       |       |       |     6 |       ||     6
       Great mace        |       |       |       |   361 |   568 ||   929
 Fire: Hunting sling     |    14 |       |       |    12 |    10 ||    36
       Blowgun           |       |     5 |    22 |    15 |       ||    42
       Hand crossbow     |       |       |       |     4 |       ||     4
Invok: Heroism           |       |       |     4 |    11 |     9 ||    24
       Finesse           |       |       |       |       |     3 ||     3
 Abil: Evoke Invisibilit |       |       |       |     3 |     2 ||     5
       Evoke Flight      |       |       |       |     2 |       ||     2
       Turn Visible      |       |       |       |       |     1 ||     1
Evoke: Wand              |       |       |     3 |    21 |     5 ||    29
  Use: Scroll            |     6 |     6 |    14 |    19 |     4 ||    49
 Stab: Invisible         |       |       |       |     2 |     7 ||     9

Table legend:
 A = Turns spent in this place as a percentage of turns spent in the entire game.
 B = Non-inter-level travel turns spent in this place as a percentage of non-inter-level travel turns spent in the entire game.
 C = Inter-level travel turns spent in this place as a percentage of turns spent in this place.
 D = Turns resting spent in this place as a percentage of non-inter-level travel turns spent in this place.
 E = Turns spent auto-exploring this place as a percentage of non-inter-level travel turns spent in this place.
 F = Non-inter-level travel turns spent in this place divided by the number of levels of this place that you've seen.
                   A       B       C       D       E      F
               +-------+-------+-------+-------+-------+----------------------
         Total | 100.0 | 100.0 |   0.5 |   0.7 |   0.2 | 766.3
       Dungeon |  56.8 |  56.7 |   0.6 |   1.1 |   0.2 | 790.5
          Lair |  42.3 |  42.4 |   0.4 |   0.3 |   0.2 | 811.6
         Sewer |   0.9 |   0.9 |   0.0 |   0.0 |   0.0 | 139.0
               +-------+-------+-------+-------+-------+----------------------

Table legend:
 A = Kills in this place as a percentage of kills in entire the game.
 B = Kills by you in this place as a percentage of kills by you in the entire game.
 C = Kills by friends in this place as a percentage of kills by friends in the entire game.
 D = Other kills in this place as a percentage of other kills in the entire game.
 E = Experience gained in this place as a percentage of experience gained in the entire game.
 F = Experience gained in this place divided by the number of levels of this place that you have seen.
                   A       B       C       D       E      F
               +-------+-------+-------+-------+-------+----------------------
         Total | 100.0 | 100.0 |  -nan | 100.0 | 100.0 | 4058.9
       Dungeon |  48.3 |  48.3 |  -nan |  50.0 |  13.3 | 980.1
          Lair |  50.2 |  50.2 |  -nan |  50.0 |  86.6 | 8785.6
         Sewer |   1.5 |   1.5 |  -nan |   0.0 |   0.1 | 111.0
               +-------+-------+-------+-------+-------+----------------------

Vault maps used:
D:1:      minmay_arrival_split_and_join, minmay_quantized
D:3:      okawaru_altar_gauntlet_db, gammafunk_temple_overflow_elements,
          cheibrodos_ashenzari_chains
D:4:      serial_bayou, serial_bayou_ford_a, serial_bayou_lagoon_b,
          serial_bayou_lake_a, serial_bayou_pond_a
D:5:      first_bread, gup_sewer_entry_spiral, st_stairs_4
D:6:      uniq_natasha
D:7:      beetle_altar_1, serial_shops, nicolae_shop_trees, uniq_duvessa
D:9:      serial_glass, glass_columns_a, glass_columns_c, glass_columns_c,
          glass_columns_a, glass_columns_b, glass_columns_a
D:10:     david_orc_4, lair_0_dummy, hangedman_tell_no_tales
D:11:     enter_trove_3, st_stairs_6, hangedman_decor_peaks_small, minivault_24
Lair:1:   lemuel_centaur_altar, grunt_megastairs_4, infiniplex_staircase_pool_2
Lair:2:   uniq_fannar
Lair:3:   minmay_shoals_entry_centaurs
Lair:4:   nicolae_spider_entry_tight_spaces
Lair:5:   nicolae_quartered_pool_super, ice2_lemuel, uniq_erica
Lair:6:   uniq_nergalle
Lair:7:   minmay_slime_entry_oklob_enclosed, uniq_rupert
Lair:8:   grunt_lair_end_beastmaster
Sewer:    sewer_kobolds
